Map: Apotheosis LE

Players

RadioManTodd

  • Race: Terran Terran
  • League: Gold
  • Spawn Location: 11:00

Fropez - Winner!

  • Race: Protoss Protoss
  • League: Gold
  • Spawn Location: 5:00

VOD

Have the link to the VOD?

Description

Time

  • Played on: Sept. 16, 2016, 10:25 a.m.
  • Length: 17:58
Show
View Real Time Build Order
Export as new Build Order

RadioManTodd Terran 

Build Orders: Command Center First (CC) 

Get SALT Encoding   

  12  0:07  SCV  
  13  0:19  SCV  
  14  0:32  SCV  
  15  0:59  Supply Depot  
  15  1:07  Command Center  
  15  1:21  SCV  
  15  1:24  Barracks  
  16  1:33  SCV  
  16  1:35  Refinery x2  
  17  1:51  SCV  
  18  2:03  SCV  
  18  2:07  Refinery  
  19  2:12  Supply Depot  
  19  2:15  Supply Depot  
  19  2:19  Supply Depot  
  19  2:21  Refinery  
  19  2:22  Marine  
  20  2:25  SCV  
  20  2:28  SCV  
  22  2:37  SCV  
  22  2:40  Marine  
  24  2:44  SCV  
  25  2:51  Factory  
  25  2:53  SCV  
  25  2:58  Marine  
  27  3:06  SCV  
  27  3:07  SCV  
  29  3:15  Marine  
  29  3:18  SCV  
  31  3:21  SCV  
  32  3:31  SCV  
  32  3:33  Marine  
  33  3:35  SCV  
  34  3:43  SCV  
  35  3:49  Factory Tech Lab  
  35  3:50  Starport x2  
  35  4:01  Supply Depot  
  35  4:02  Supply Depot  
  35  4:04  SCV x2  
  35  4:06  Supply Depot  
  35  4:08  Marine  
  38  4:27  Marine  
  38  4:28  SCV  
  38  4:29  SCV  
  41  4:33  Fusion Core  
  41  4:34  Starport Tech Lab  
  41  4:39  Starport Reactor  
  41  4:57  Siege Tank  
  44  5:04  Orbital Command  
  44  5:05  SCV  
  45  5:17  SCV  
  46  5:22  Liberator x3  
  46  5:28  Advanced Ballistics  
  46  5:29  Siege Tank  
  58  5:46  Supply Depot x2  
  58  6:00  Engineering Bay  
  58  6:05  Liberator x3  
  58  6:22  Supply Depot  
  58  6:23  Supply Depot  
  67  6:58  Sensor Tower  
  67  7:15  Sensor Tower  
  58  7:43  Barracks  
  58  7:44  Barracks  
  58  7:48  Barracks  
  58  7:51  Viking x2  
  56  8:32  Missile Turret x3  
  56  8:35  Missile Turret  
  56  8:40  Missile Turret  
  56  8:43  Missile Turret  
  56  8:44  Siege Tank  
  56  8:46  Missile Turret  
  59  8:48  Missile Turret  
  59  8:49  Missile Turret  
  59  9:09  Barracks Tech Lab x2  
  59  9:10  Barracks Tech Lab x2  
  59  9:19  Siege Tank  
  62  9:30  Marauder x4  
  70  9:36  Engineering Bay  
  70  9:39  Armory  
  70  9:40  Armory  
  70  9:46  Engineering Bay  
  70  9:48  Orbital Command  
  70  9:51  Marauder, Factory  
  70  9:52  Marauder x3  
  78  10:05  Sensor Tower  
  78  10:10  Sensor Tower  
  78  10:13  Marauder  
  78  10:14  Marauder  
  82  10:20  Sensor Tower  
  82  10:58  Marauder  
  82  10:59  Marauder x3  
  82  11:02  Command Center  
  90  11:12  Building Armor  
  90  11:13  Hi-Sec Auto Tracking  
  90  11:19  Marauder  
  90  11:20  Marauder x3  
  88  12:02  Marauder x4  
  88  12:06  Command Center  
  96  12:10  Refinery x2, Terran Infantry Armor Level 1  
  96  12:23  Marauder  
  96  12:24  Marauder x3  
  87  12:52  Terran Infantry Weapons Level 1  
  82  13:36  Command Center  
  82  13:42  Hellion, Refinery  
  82  13:43  Refinery  
  82  13:47  Concussive Shells, Combat Shields  
  82  13:48  Stimpack  
  84  13:57  SCV x2  
  86  14:03  Hellion  
  86  14:09  SCV x2  
  90  14:16  Infernal Pre-Igniter  
  90  14:21  SCV x2  
  92  14:25  Hellion  
  94  14:33  SCV x2  
  96  14:42  Raven  
  96  14:45  SCV  
  97  14:46  SCV, Hellion  
  97  14:50  Sensor Tower  
  100  14:54  Orbital Command  
  100  14:57  SCV  
  100  14:58  SCV  
  102  15:02  Missile Turret  
  102  15:07  Hellion  
  102  15:11  Missile Turret  
  106  15:21  Marauder  
  106  15:22  Marauder x3  
  106  15:25  Missile Turret  
  112  15:29  Hellion  
  96  15:43  Marauder x4  
  84  16:07  Medivac  
  84  16:08  Medivac x2  
  88  16:20  Marauder x2  
  88  16:21  Marauder  
  94  16:37  Medivac  
  96  16:41  Marauder  
  96  16:42  Marauder  
  98  17:34  Marauder x2  
  98  17:35  Marauder x2  
Show
View Real Time Build Order
Export as new Build Order

Fropez Protoss - Winner!

Build Orders:  

Get SALT Encoding   

  12  0:02  Probe (Chrono Boost)  
  13  0:16  Pylon  
  13  0:22  Pylon, Probe (Chrono Boost)  
  14  0:32  Probe (Chrono Boost)  
  14  0:35  Assimilator  
  15  0:43  Gateway  
  15  0:46  Probe (Chrono Boost)  
  16  0:58  Probe (Chrono Boost)  
  16  1:02  Pylon  
  17  1:09  Probe (Chrono Boost)  
  18  1:13  Assimilator  
  18  1:19  Probe (Chrono Boost)  
  19  1:30  Cybernetics Core  
  19  1:34  Probe (Chrono Boost)  
  20  1:45  Probe (Chrono Boost)  
  21  1:59  Gateway  
  22  2:06  Mothership Core (Chrono Boost)  
  22  2:07  Warp Gate (Chrono Boost)  
  23  2:11  Adept  
  25  2:27  Probe  
  26  2:41  Nexus  
  26  2:48  Probe  
  27  2:55  Pylon  
  27  3:00  Probe  
  27  3:04  Adept  
  30  3:12  Probe  
  31  3:25  Probe  
  32  3:29  Robotics Facility  
  32  3:32  Pylon  
  32  3:37  Probe  
  33  3:49  Probe  
  34  4:01  Probe  
  34  4:02  Gateway  
  35  4:03  Probe  
  35  4:05  Gateway  
  35  4:06  Gateway  
  36  4:13  Probe  
  36  4:16  Observer  
  38  4:17  Probe  
  38  4:22  Adept  
  38  4:24  Adept  
  43  4:26  Probe  
  43  4:28  Probe  
  45  4:35  Assimilator  
  45  4:38  Probe  
  46  4:39  Observer  
  46  4:40  Probe  
  48  4:48  Assimilator  
  48  4:50  Probe  
  49  4:55  Twilight Council  
  49  4:56  Probe  
  50  5:02  Pylon  
  50  5:08  Probe  
  51  5:15  Adept  
  51  5:16  Adept  
  51  5:19  Adept x2  
  51  5:21  Adept  
  61  5:25  Immortal (Chrono Boost)  
  61  5:28  Probe  
  66  5:34  Pylon, Probe  
  66  5:39  Resonating Glaives (Chrono Boost)  
  67  5:44  Probe  
  68  6:01  Probe  
  68  6:02  Probe  
  68  6:03  Warp Prism (Chrono Boost)  
  72  6:11  Probe  
  72  6:14  Probe  
  72  6:16  Adept x2  
  78  6:27  Pylon  
  78  6:35  Pylon  
  78  6:44  Probe  
  78  6:45  Probe, Forge  
  80  6:47  Pylon  
  80  6:48  Pylon  
  80  6:52  Pylon  
  80  6:54  Probe  
  80  6:56  Pylon  
  80  6:57  Probe  
  80  6:58  Pylon  
  82  7:07  Stalker x4  
  82  7:08  Stalker  
  92  7:21  Blink  
  90  7:39  Protoss Ground Weapons Level 1 (Chrono Boost)  
  90  7:41  Immortal  
  94  7:57  Adept  
  94  7:58  Adept x4  
  100  8:16  Dark Shrine  
  100  8:17  Probe  
  100  8:18  Probe  
  96  8:28  Probe  
  96  8:30  Probe  
  98  8:35  Nexus  
  98  8:39  Probe  
  98  8:40  Gateway  
  99  8:42  Probe, Gateway  
  99  8:44  Gateway  
  99  8:45  Pylon  
  99  8:47  Pylon  
  100  8:48  Gateway  
  100  8:49  Pylon  
  100  8:50  Probe  
  100  8:51  Gateway  
  100  8:53  Pylon  
  100  8:54  Probe  
  102  9:04  Stalker  
  102  9:05  Stalker x4  
  102  9:07  Probe  
  102  9:09  Probe  
  118  9:30  Protoss Ground Weapons Level 2 (Chrono Boost)  
  118  9:36  Probe  
  118  9:37  Probe  
  120  9:45  Assimilator  
  120  9:47  Assimilator  
  120  9:52  Stalker x2  
  124  9:53  Stalker x3  
  130  10:12  Dark Templar x2  
  130  10:13  Dark Templar x3  
  140  11:28  Stalker x4  
  140  11:29  Stalker x4  
  140  11:30  Stalker x2  
  138  11:57  Adept x3  
  138  11:58  Adept x5  
  138  11:59  Adept x2  
  158  12:06  Photon Cannon  
  158  12:07  Photon Cannon  
  126  12:52  Adept x4  
  126  12:53  Adept x6  
  142  13:15  Nexus  
  142  13:19  Assimilator  
  140  13:23  Assimilator  
  138  13:27  Pylon  
  138  13:29  Pylon  
  138  13:30  Stalker x2  
  138  13:31  Stalker x6  
  138  13:32  Stalker x2  
  158  13:43  Photon Cannon  
  158  13:46  Protoss Ground Weapons Level 3 (Chrono Boost)  
  158  14:00  Pylon  
  158  14:02  Pylon, Charge  
  158  14:16  Pylon  
  158  14:20  Pylon  
  158  14:28  Stalker x6  
  158  14:29  Stalker x4  
  176  14:58  Stalker x2  
  176  14:59  Stalker x6  
  192  15:00  Stalker x2  
  172  15:57  Stalker  
  172  15:58  Stalker x6  
  172  15:59  Stalker  
  172  16:02  Protoss Ground Armor Level 1 (Chrono Boost)  
  178  16:23  Stalker x5  
  178  16:24  Stalker x3  
Tags
 
Add a new tag
Caveats
  • Supply blocks, unpowered buildings, or Contaminate may cause inaccurate times.
  • Supply counts are checked every 10 seconds.